 Dungeon Crawl Stone Soup version 0.31-a0-329-g52107efa6a (webtiles) character file.

Game seed: 499579020077270339

1372 AdnanSaban the Cudgeller (level 8, -13/51 HPs)
             Began as a Gargoyle Fighter on July 19, 2023.
             Killed from afar by a gargoyle (18 damage)
             ... with a stone arrow
             ... on level 6 of the Dungeon.
             The game lasted 00:06:32 (4870 turns).

AdnanSaban the Cudgeller (Gargoyle Fighter)         Turns: 4870, Time: 00:06:32

Health: -13/51     AC: 19    Str: 21    XL:     8   Next: 65%
Magic:  0/8        EV:  8    Int: 10    God:
Gold:   356        SH:  5    Dex:  9    Spells: 7/7 levels left

rFire   . . .        y - +0 whip (freeze)
rCold   . . .        c - +0 buckler
rNeg    + . .        x - +0 chain mail
rPois   ∞            g - +0 helmet
rElec   +            (no cloak)
rCorr   .            (no gloves)
SInv    +            n - +1 pair of boots
Will    .....        u - amulet of guardian spirit Stlth
                     w - ring of see invisible
HPRegen 0.28/turn    (no ring)
MPRegen 0.11/turn

%: guardian spirit
@: no status effects
A: sickness immunity, AC +5, negative energy resistance 1, electricity
resistance, torment resistance 1, petrification resistance
a: no special abilities


You were on level 6 of the Dungeon.
You visited 1 branch of the dungeon, and saw 6 of its levels.
You also visited: Sewer.

You collected 356 gold pieces.

Inventory:

Hand Weapons
 y - a +0 whip of freezing (weapon)
Armour
 c - a +0 buckler (worn)
 g - a +0 helmet (worn)
 n - a +1 pair of boots (worn)
 x - a +0 chain mail (worn)
Jewellery
 u - an amulet of guardian spirit (around neck)
 w - a ring of see invisible (left hand)
Wands
 b - a wand of digging (3)
Scrolls
 a - a scroll of immolation {unknown}
 i - a scroll of identify {unknown}
 j - 6 scrolls of teleportation {unknown}
 k - 2 scrolls of blinking {unknown}
 l - a scroll of acquirement {unknown}
 m - 2 scrolls of brand weapon {unknown}
 o - a scroll of amnesia {unknown}
 p - 2 scrolls of enchant weapon {unknown}
 q - a scroll of silence {unknown}
 r - a scroll of vulnerability {unknown}
 v - a scroll of revelation {unknown}
Potions
 d - a potion of might
 e - 6 potions of heal wounds {unknown}
 f - a potion of magic {unknown}
 h - 8 potions of enlightenment
 s - 4 potions of haste {unknown}
 t - 2 potions of invisibility {unknown}
 z - 3 potions of curing {unknown}
 A - a potion of ambrosia {unknown}
 B - a potion of attraction {unknown}


   Skills:
 + Level 5.9 Fighting
 + Level 7.3 Maces & Flails
 + Level 5.9 Armour
 + Level 5.4 Shields


You had 7 spell levels left.
You didn't know any spells.
Your spell library was empty.

Dungeon Overview and Level Annotations

Branches:
Dungeon (6/15)              Sewer (visited)
 Temple: D:4-7

Altars:
Fedhas
Sif Muna
Xom

Shops:
D:3 *

Annotations:
D:2 1 runed translucent door, Crazy Yiuf


Innate Abilities, Weirdness & Mutations

You are immune to sickness and miasma.
Your stone body is resilient. (AC +5)
You are immune to poison.
You resist negative energy. (rN+)
You are resistant to electric shocks. (rElec)
You are resistant to unholy torment.
You are immune to petrification.


Message History

You hit the ogre. You freeze the ogre.
The ogre is lightly wounded.
You barely miss the ogre.
The ogre is lightly wounded.
The ogre barely misses you.
You hit the ogre. You freeze the ogre.
The ogre is moderately wounded.
You hit the ogre. You freeze the ogre.
The ogre is heavily wounded.
The ogre closely misses you.
You hit the ogre. You freeze the ogre.
The ogre is heavily wounded.
You hit the ogre but do no damage.
The ogre is heavily wounded.
The ogre hits you with a +0 giant spiked club!!
* * * LOW HITPOINT WARNING * * *
You are too injured to fight recklessly!
You are too injured to fight recklessly!
You are too injured to fight recklessly!
You are too injured to fight recklessly!
You are too injured to fight recklessly!
You are too injured to fight recklessly!
You are too injured to fight recklessly!
You are too injured to fight recklessly!
You are too injured to fight recklessly!
You are too injured to fight recklessly!
You are too injured to fight recklessly!
You are too injured to fight recklessly!
You are too injured to fight recklessly!
You are too injured to fight recklessly!
You are too injured to fight recklessly!
You are too injured to fight recklessly!
You see here an adder corpse.
The ogre attacks as you move away! You block the ogre's attack.
The ogre attacks as you move away!
The ogre hits you with a +0 giant spiked club!
* * * LOW HITPOINT WARNING * * *
The gargoyle hurls a stone arrow at you.
The stone arrow hits you!!
You die...

#........#
#........#
#........######
#.......^.....#
#............#
+............#
#............#
#......@[<...#
##....O.......#
#......########
#...9### .
#...## .. #...#
... #..## ...
####..# ..#
#....†#..!#


You could see a gargoyle and an ogre.

Vanquished Creatures
  Pikel (D:6)
  A black bear (D:6)
  An ogre (D:4)
  2 lemures (D:5)
  A gnoll bouda (D:4)
  An orc priest (D:3)
  6 hounds
  2 sleepcaps (D:6)
  3 orc wizards
  8 gnolls
  2 river rats (Sewer)
  12 adders
  2 shadow imps
  A white imp (D:4)
  3 worms
  2 dart slugs (D:1)
  13 orcs
  4 endoplasms
  5 giant cockroaches
  10 goblins
  5 hobgoblins
  8 jackals
  12 quokkas
  10 ball pythons
  16 bats
  9 frilled lizards
  5 kobolds
  5 rats
150 creatures vanquished.

Notes
Turn   | Place    | Note
-------+----------+-------------------------------------------
     0 | D:1      | AdnanSaban the Gargoyle Fighter began the quest for the
                  | Orb.
     0 | D:1      | Reached XP level 1. HP: 14/14 MP: 1/1
   204 | D:1      | Reached XP level 2. HP: 17/19 MP: 2/2
   839 | D:1      | Reached XP level 3. HP: 20/24 MP: 3/3
  1673 | D:2      | Found a runed translucent door.
  1674 | D:2      | Noticed Crazy Yiuf
  1703 | D:3      | Found a shimmering altar of Xom.
  1716 | D:3      | Reached skill level 3 in Maces & Flails
  1716 | D:3      | Reached XP level 4. HP: 27/29 MP: 4/4
  1898 | D:3      | Reached XP level 5. HP: 33/33 MP: 5/5
  1902 | D:3      | Found a glowing drain.
  1919 | Sewer    | Entered a sewer
  2175 | Sewer    | Reached skill level 4 in Maces & Flails
  2556 | D:3      | Reached XP level 6. HP: 37/38 MP: 6/6
  2614 | D:3      | Found Jemek's Assorted Antiques.
  3262 | D:4      | Reached skill level 5 in Maces & Flails
  3714 | D:5      | Entered Level 5 of the Dungeon
  3726 | D:5      | Reached XP level 7. HP: 35/44 MP: 5/7
  4066 | D:5      | Noticed Pikel
  4174 | D:5      | Found a shimmering blue altar of Sif Muna.
  4267 | D:5      | Reached skill level 5 in Armour
  4345 | D:6      | Killed Pikel
  4346 | D:6      | Reached skill level 5 in Fighting
  4346 | D:6      | Reached skill level 6 in Maces & Flails
  4346 | D:6      | Reached skill level 5 in Shields
  4346 | D:6      | Reached XP level 8. HP: 13/50 MP: 4/8
  4546 | D:5      | Found a blossoming altar of Fedhas.
  4770 | D:6      | Reached skill level 7 in Maces & Flails
  4840 | D:6      | Noticed a gargoyle
  4870 | D:6      | Killed from afar by a gargoyle

Illustrated notes

Levels and vault maps discovered:
D:1:      minmay_arrival_widening_spiral_wide, layout_loops_corners,
          minmay_misc_feat_pillars
D:2:      layout_loops_cross, uniq_crazy_yiuf_cottage
D:3:      layout_loops_ring, mainiacjoe_overflow_cross_hatched,
          gup_sewer_entry_pipe, serial_shops, nicolae_shop_stone,
          kennysheep_generic_room_15
D:4:      layout_basic
D:5:      layout_basic, mainiacjoe_overflow_large_starburst, uniq_pikel
D:6:      kennysheep_steamy, layout_basic, minmay_temple_entry_junction,
          grunt_potential, uniq_maggie

Skill      XL: |  1  2  3  4  5  6  7  8 |
---------------+-------------------------+-----
Maces & Flails | 3 4 5 6 7 |  7.3
Armour         | 4 5 |  5.9
Fighting       | 4 5 |  5.9
Shields        | 4 5 |  5.4

Action                     |  1- 3 |  4- 6 |  7- 9 || total
---------------------------+-------+-------+-------++-------
  Melee: Flail             |   142 |   318 |   128 ||   588
         Whip              |       |       |   115 ||   115
 Armour: Scale mail        |    98 |   275 |       ||   373
         Chain mail        |       |    21 |   169 ||   190
  Dodge: Dodged            |    86 |   231 |   101 ||   418
  Block: Buckler           |    25 |   106 |    58 ||   189

Table legend: (Time is in decaauts)
 A = Elapsed time spent in this place.
 B = Non-inter-level travel time spent in this place.
 C = Inter-level travel time spent in this place.
 D = Time resting spent in this place.
 E = Time spent auto-exploring this place.
 F = Levels seen in this place.
 G = Mean time per level.
                   A        B        C        D        E       F      G
               +--------+--------+--------+--------+--------+-----+--------+
         Total |   5150 |   5013 |    137 |    278 |   3374 |   7 |  735.7 |
       Dungeon |   4357 |   4220 |    137 |    278 |   2894 |   6 |  726.2 |
         Sewer |    793 |    793 |      0 |      0 |    479 |   1 |  793.0 |
               +--------+--------+--------+--------+--------+-----+--------+

Top non-repeatable levels by time:
     D:1: 1027 daAuts
     D:4: 809 daAuts
     D:5: 802 daAuts
   Sewer: 793 daAuts
     D:3: 743 daAuts
     D:2: 717 daAuts
     D:6: 257 daAuts
